 Dungeon Crawl Stone Soup version 0.31-a0-988-g08d55dae12 (webtiles) character file.

Game seed: 13922052732348830502

4321 BinkBink the Fighter (level 10, -1/136 HPs)
             Began as a Minotaur Berserker on Nov 4, 2023.
             Was an Elder of Trog.
             Slain by a two-headed ogre
             ... wielding a +0 giant club
              (29 damage)
             ... on level 9 of the Dungeon.
             The game lasted 00:09:54 (8655 turns).

BinkBink the Fighter (Minotaur Berserker)           Turns: 8655, Time: 00:09:55

Health: -1/136     AC:  4    Str: 29    XL:     10   Next: 11%
Magic:  9/9        EV: 14    Int:  4    God:    Trog [****..]
Gold:   385        SH:  0    Dex: 10    Spells: 9/9 levels left

rFire   . . .        t - +7 falchion "Qasal Piypp" {flame, rElec rN++ rCorr Str+3}
rCold   . . .        (no shield)
rNeg    + + +        b - +0 animal skin
rPois   .            (helmet restricted)
rElec   +            (no cloak)
rCorr   +            i - +0 pair of gloves
SInv    +            (no boots)
Will    .....        (no amulet) Stlth
                     g - ring of positive energy
HPRegen 0.42/turn    m - ring of see invisible
MPRegen 0.11/turn

%: no passive effects
@: berserking, attractive, very quick
A: horns 2, retaliatory headbutt
a: Renounce Religion, Berserk, Trog's Hand, Brothers in Arms


You were on level 9 of the Dungeon.
You worshipped Trog.
Trog was greatly pleased with you.
You visited 2 branches of the dungeon, and saw 10 of its levels.

You collected 529 gold pieces.
You spent 144 gold pieces at shops.

Inventory:

Hand Weapons
 a - a +1 hand axe
 c - a +2 flail of holy wrath
 t - the +7 falchion "Qasal Piypp" (weapon) {flame, rElec rN++ rCorr Str+3}
   (You bought it in a shop on level 5 of the Dungeon)

   Str+3:     It affects your strength (+3).
   rElec:     It insulates you from electricity.
   rN++:      It greatly protects you from negative energy.
   rCorr:     It protects you from acid and corrosion.
Missiles
 l - a throwing net
Armour
 b - a +0 animal skin (worn)
 i - a +0 pair of gloves (worn)
 p - a +1 plate armour
 A - a +0 buckler
Jewellery
 g - a ring of positive energy (left hand)
 m - a ring of see invisible (right hand)
 n - an amulet of reflection
 H - an amulet of faith
Wands
 s - a wand of acid (7)
 u - a wand of polymorph (12)
 z - a wand of flame (28)
 E - a wand of iceblast (5)
Scrolls
 e - 2 scrolls of poison
 j - 2 scrolls of identify
 k - 3 scrolls of enchant weapon
 q - a scroll of summoning
 r - 3 scrolls of fear {unknown}
 x - a scroll of amnesia {unknown}
 y - 2 scrolls of noise {unknown}
 F - 2 scrolls of blinking {unknown}
 G - 2 scrolls of revelation
Potions
 d - 2 potions of berserk rage
 f - 2 potions of curing
 h - a potion of attraction
 v - 2 potions of experience
 w - a potion of magic {unknown}
 B - a potion of degeneration {unknown}
 C - a potion of haste {unknown}
 D - a potion of ambrosia {unknown}


   Skills:
 + Level 9.6 Fighting
 + Level 9.6 Axes
 + Level 9.2 Armour
 + Level 8.4 Dodging


You had 9 spell levels left.
You didn't know any spells.
Your spell library was empty.

Dungeon Overview and Level Annotations

Branches:
Dungeon (9/15)             Temple (1/1) D:4
   Lair: D:8-11         Orc: D:9-12

Altars:
Ashenzari
Cheibriados
Dithmenos
Fedhas
Gozag
Hepliaklqana
Kikubaaqudgha
Makhleb
Nemelex Xobeh
Okawaru
Qazlal
Ru
Sif Muna
Trog
Uskayaw
Vehumet
Wu Jian
Xom
Yredelemnul
Zin

Shops:
D:5 (

Annotations:
D:6 1 runed translucent door, tish's ghost, novice OpSh
D:8 1 runed translucent door, ripuliukko's ghost, novice GrEE


Innate Abilities, Weirdness & Mutations

You have a pair of horns on your head.
You reflexively headbutt those who attack you in melee.


Message History

The yak completely misses you.
Okay, then.
Okay, then.
As you read the scroll of identify, it crumbles to dust.
o - a potion of heal wounds The yak gores you but does no damage.
You feel much better. The yak misses you. You furiously retaliate!
You headbutt the yak. You closely miss the yak.
You headbutt the yak, but do no damage.
The yak is almost dead.
The yak barely misses you.
You hit the yak. You burn the yak.
The yak is almost dead.
The yak gores you!
* * * LOW HITPOINT WARNING * * *
You slash the yak! You burn the yak.
You kill the yak!
Trog accepts your kill.
You can now call in reinforcements.
The killer bee barely misses you. You furiously retaliate!
You headbutt the killer bee! The killer bee barely misses you.
You slash the killer bee! You burn the killer bee.
You kill the killer bee!
Trog accepts your kill.
You start resting.
The two-headed ogre is attracted toward you.
The two-headed ogre shouts in stereo!
The two-headed ogre is attracted toward you.
A red film seems to cover your vision as you go berserk!
You feel yourself moving faster!
You feel mighty!
The two-headed ogre hits you with a +0 giant club!
* * * LOW HITPOINT WARNING * * *
The two-headed ogre barely misses you.
You closely miss the two-headed ogre.
Your headbutt misses the two-headed ogre.
You slash the two-headed ogre! You burn the two-headed ogre.
You headbutt the two-headed ogre!
The two-headed ogre is severely wounded.
The two-headed ogre closely misses you.
The two-headed ogre hits you with a +0 giant spiked club!!
You die...

## .# #.## ..
...# ยง# #...
.###... .#...
#..... #..#y#
#..#O# #..#@# #
#..#.#
#.##..#.####.##
#.............#
####..)........
####..#####..#
##.....#####..#
#.............
#..###.######.


You could see a two-headed ogre and a killer bee.

Vanquished Creatures
  Pikel (D:6)
  Maggie (D:6)
  Jeremiah (D:6)
  Grinder (D:6)
  3 yaks (D:9)
  A steam dragon (D:8)
  3 water moccasins (D:8)
  2 orc warriors (D:8)
  An ice beast (D:5)
  2 ogres
  3 black bears
  3 phantoms
  A gnoll sergeant (D:7)
  A scorpion (D:5)
  3 wights (D:8)
  2 killer bees (D:9)
  3 jellies
  5 hounds
  2 orc priests
  2 gnoll boudas
  2 sleepcaps (D:7)
  4 orc wizards
  5 iguanas
  10 gnolls
  7 adders
  3 shadow imps
  A white imp (D:6)
  2 ufetubi (D:6)
  3 dart slugs
  18 orcs
  A bat (D:1)
  5 endoplasms
  5 giant cockroaches
  8 goblins
  11 hobgoblins
  7 kobolds
  6 quokkas
  4 ball pythons
  4 frilled lizards
  5 rats
  A spectral kobold (D:7)
153 creatures vanquished.

Notes
Turn   | Place    | Note
-------+----------+-------------------------------------------
     0 | D:1      | BinkBink the Minotaur Berserker began the quest for the
                  | Orb.
     0 | D:1      | Reached XP level 1. HP: 19/19 MP: 0/0
   180 | D:1      | Reached XP level 2. HP: 19/27 MP: 1/1
   784 | D:1      | Reached ** piety under Trog
   785 | D:1      | Reached XP level 3. HP: 31/33 MP: 2/2
  1448 | D:2      | Reached XP level 4. HP: 27/41 MP: 3/3
  2205 | D:3      | Found an ornate altar of the Wu Jian Council.
  2721 | D:4      | Found a stormy altar of Qazlal.
  2772 | D:4      | Found a staircase to the Ecumenical Temple.
  2791 | Temple   | Entered the Ecumenical Temple
  2831 | D:4      | Reached XP level 5. HP: 14/47 MP: 4/4
  3163 | D:4      | Noticed a phantom
  3177 | D:4      | Killed a phantom
  3178 | D:4      | Reached skill level 5 in Fighting
  3178 | D:4      | Reached skill level 5 in Axes
  3567 | D:5      | Entered Level 5 of the Dungeon
  3645 | D:5      | Reached XP level 6. HP: 46/56 MP: 5/5
  3826 | D:5      | Found a sparkling altar of Nemelex Xobeh.
  3888 | D:5      | Found Sask's Antique Weapon Emporium.
  3945 | D:5      | Reached *** piety under Trog
  4128 | D:5      | Bought a faintly glowing falchion for 144 gold pieces
  4128 | D:5      | Identified the +7 falchion "Qasal Piypp" {flame, rElec rN++
                  | rCorr Str+3} (You bought it in a shop on level 5 of the
                  | Dungeon)
  4150 | D:5      | Noticed an ice beast
  4158 | D:5      | Killed an ice beast
  4310 | D:5      | Reached skill level 5 in Armour
  4482 | D:5      | Reached XP level 7. HP: 62/62 MP: 6/6
  4610 | D:6      | Found a radiant altar of Vehumet.
  4621 | D:6      | Found a snail-covered altar of Cheibriados.
  4683 | D:6      | Reached skill level 5 in Dodging
  4738 | D:6      | Noticed Grinder
  4747 | D:6      | Killed Grinder
  4852 | D:6      | Noticed Pikel
  4864 | D:6      | Killed Pikel
  4865 | D:6      | Reached XP level 8. HP: 46/73 MP: 7/7
  5172 | D:6      | Noticed Maggie
  5190 | D:6      | Killed Maggie
  5191 | D:6      | Reached XP level 9. HP: 7/81 MP: 8/8
  5509 | D:6      | Noticed Jeremiah
  5520 | D:6      | Killed Jeremiah
  5807 | D:6      | Found a runed translucent door.
  5977 | D:6      | Noticed tish's ghost (novice OpSh)
  6005 | D:7      | Identified the "Uploh"
  6383 | D:7      | Reached **** piety under Trog
  6506 | D:7      | Found a hazy altar of Hepliaklqana.
  7452 | D:8      | Found a runed translucent door.
  7543 | D:8      | Found an ancient bone altar of Kikubaaqudgha.
  8072 | D:8      | Found an iron altar of Okawaru.
  8079 | D:8      | Noticed ripuliukko's ghost (novice GrEE)
  8505 | D:9      | Noticed a two-headed ogre
  8617 | D:9      | Identified the +7 short sword of Fimbulwinter {flame, rElec
                  | rPois rF++ Int-4}
  8630 | D:9      | Reached XP level 10. HP: 67/91 MP: 9/9
  8655 | D:9      | Slain by a two-headed ogre

Illustrated notes

Levels and vault maps discovered:
D:1:      nzn_arrival_crosshair, layout_loops_corners, minmay_tromino_v2
D:2:      layout_loops_ring, eino_tiny_chamber
D:3:      layout_basic, nicolae_wu_jian_immortal_techniques
D:4:      layout_loops_ring, mainiacjoe_overflow_chevrons,
          minmay_temple_entry_overgrown, minmay_distorted
D:5:      layout_basic, nemelex_altar_shiori, serial_shops,
          nicolae_shop_statue_plus, nicolae_fountain_basement
D:6:      layout_loops_ring, mainiacjoe_overflow_large_starburst,
          ebering_ghost_sewer_d, nicolae_grassy_gnolls, uniq_pikel,
          uniq_grinder, uniq_maggie, uniq_jeremiah
D:7:      layout_rooms, nicolae_hepliaklqana_monster_ancestors, serial_aquarium,
          aquarium_bridge_long_separate [aquarium_subvault_bridge,
          aquarium_subvault_wall, aquarium_subvault_bridge,
          aquarium_subvault_window, aquarium_subvault_bridge,
          aquarium_subvault_window], aquarium_bridge_straight
          [aquarium_subvault_bridge, aquarium_subvault_wall,
          aquarium_subvault_bridge, aquarium_subvault_balcony],
          aquarium_window_fake, aquarium_window_corridor_1, aquarium_window_1,
          aquarium_window_1, aquarium_view_2c, aquarium_view_2c,
          aquarium_balcony_3a
D:8:      layout_loops_ring, old_standard_altar, kennysheep_mini_moat,
          ebering_ghost_reflecting_pool
D:9:      layout_loops_ring, tso_metal_star, dreamdust_princess_corridor,
          dk_noncrumbling_2, dreamdust_wishing_well
Temple:   nicolae_temple_no_exploring_needed

Skill      XL: |  1  2  3  4  5  6  7  8  9 |
---------------+----------------------------+-----
Fighting       | 4 5 7 8 9 |  9.6
Axes           | 4 5 7 8 9 |  9.6
Armour         | 3 4 5 6 7 9 |  9.2
Dodging        | 3 4 6 8 |  8.4

Action                     |  1- 3 |  4- 6 |  7- 9 | 10-12 || total
---------------------------+-------+-------+-------+-------++-------
  Melee: Hand axe          |    96 |    98 |       |       ||   194
         Headbutt          |     6 |    15 |    44 |     3 ||    68
         Punch             |       |     3 |       |       ||     3
         Falchion          |       |    15 |   180 |    16 ||   211
         Flail             |       |    10 |       |       ||    10
    Use: Scroll            |       |     6 |       |     2 ||     8
         Potion            |       |       |     1 |     4 ||     5
   Stab: Sleeping          |       |     1 |       |       ||     1
 Armour: Animal skin       |    67 |    62 |   117 |    11 ||   257
  Dodge: Dodged            |    45 |    71 |   171 |    15 ||   302

Table legend: (Time is in decaauts)
 A = Elapsed time spent in this place.
 B = Non-inter-level travel time spent in this place.
 C = Inter-level travel time spent in this place.
 D = Time resting spent in this place.
 E = Time spent auto-exploring this place.
 F = Levels seen in this place.
 G = Mean time per level.
                   A        B        C        D        E       F      G
               +--------+--------+--------+--------+--------+-----+--------+
         Total |   8745 |   8326 |    419 |    898 |   6350 |  10 |  874.5 |
       Dungeon |   8744 |   8325 |    419 |    898 |   6350 |   9 |  971.6 |
        Temple |      1 |      1 |      0 |      0 |      0 |   1 |    1.0 |
               +--------+--------+--------+--------+--------+-----+--------+

Top non-repeatable levels by time:
     D:6: 1531 daAuts
     D:8: 1407 daAuts
     D:1: 1141 daAuts
     D:7: 1090 daAuts
     D:5: 1035 daAuts
     D:4: 924 daAuts
     D:2: 859 daAuts
     D:3: 653 daAuts
     D:9: 100 daAuts
  Temple: 1 daAuts
